 Dungeon Crawl Stone Soup version 0.20.0-8-g6b59dc7 (webtiles) character file.

92 ghjk the Covered (level 4, -11/40 HPs)
             Began as a Minotaur Fighter on May 30, 2017.
             Killed by divine providence
             ... invoked by an orc priest
              (16 damage)
             ... on level 3 of the Dungeon.
             The game lasted 00:01:58 (992 turns).

ghjk the Covered (Minotaur Fighter)                  Turns: 992, Time: 00:01:59

Health: -11/40     AC:  8    Str: 26    XL:     4   Next: 35%
Magic:  3/3        EV:  7    Int:  5    God:
Gold:   160        SH: 10    Dex: 10    Spells: 3/3 levels left

rFire    + . .     SeeInvis .   j - +0 hand axe
rCold    . . .     Gourm    .   c - +0 shield
rNeg     . . .     Faith    .   b - +0 scale mail
rPois    .         Spirit   .   (helmet restricted)
rElec    .         Reflect  .   m - +0 cloak
rCorr    .         Harm     .   (no gloves)
MR       .....                  (no boots)
Stlth    +.........             q - amulet of regeneration
Regen    0.6/turn               l - ring of stealth
MPRegen  0.1/turn               t - ring of protection from fire

@: mighty
A: retaliatory headbutt, horns 2
a: no special abilities


You were on level 3 of the Dungeon.
You were not hungry.

You visited 1 branch of the dungeon, and saw 3 of its levels.

You collected 160 gold pieces.

Inventory:

Hand Weapons
 a - a +0 war axe
 j - a +0 hand axe (weapon)
Armour
 b - a +0 scale mail (worn)
 c - a +0 shield (worn)
 m - a +0 cloak (worn)
Jewellery
 k - an uncursed amulet of magic regeneration
 l - a ring of stealth (left hand)
 q - an amulet of regeneration (around neck)
 t - a ring of protection from fire (right hand)
Scrolls
 e - 4 scrolls of identify
 g - a scroll of teleportation {unknown}
 i - a scroll of blinking {unknown}
 o - 2 scrolls of remove curse {unknown}
 p - a scroll of recharging {unknown}
 r - 2 scrolls of amnesia {unknown}
 s - a scroll of enchant weapon {unknown}
 u - a scroll of immolation {unknown}
Potions
 h - a potion of flight
Comestibles
 f - 3 bread rations


   Skills:
 + Level 3.9 Fighting
 * Level 3.4 Axes
 * Level 5.3 Armour
 + Level 0.2 Dodging
 + Level 3.9 Shields


You had 3 spell levels left.
You didn't know any spells.

Dungeon Overview and Level Annotations

Branches:
Dungeon (3/15)

Altars:


Innate Abilities, Weirdness & Mutations

You reflexively headbutt those who attack you in melee.
You have a pair of horns on your head.


Message History

The orc priest mumbles some strange prayers to Beogh against you.
Beogh smites you!
The orc priest hits you but does no damage.
You hit the orc priest but do no damage.
The orc priest is severely wounded.
The orc priest looks encouraged for a moment.
The orc priest invokes the aid of Beogh against you.
Beogh smites you!
* * * LOW HITPOINT WARNING * * *
You slash the orc priest!
You kill the orc priest!
You have reached level 4!
You feel agile.
You hit the orc but do no damage.
The orc priest calls down the wrath of Beogh upon you.
Beogh smites you!
* * * LOW HITPOINT WARNING * * *
The orc priest calls down the wrath of Beogh upon you.
Beogh smites you!
You die...

#'# #####l# #...o)#
#.###.## #l##...##
#o#o....#######
#.o............
###.##..##..########
.......@##.##
###.##....<# #
#######


You could see an orc priest, 2 orcs and a frilled lizard.

Vanquished Creatures
  An orc priest (D:3)
  Robin (D:2)
  An ooze (D:1)
  A worm (D:2)
  A dart slug (D:1)
  2 leopard geckos (D:1)
  10 goblins
  8 hobgoblins
  A ball python (D:2)
  4 bats
  3 frilled lizards
  4 kobolds (D:1)
  A rat (D:1)
38 creatures vanquished.

Notes
Turn   | Place    | Note
-------+----------+-------------------------------------------
     0 | D:1      | ghjk the Minotaur Fighter began the quest for the Orb.
     0 | D:1      | Reached XP level 1. HP: 19/19 MP: 0/0
   117 | D:1      | Reached skill level 4 in Armour
   143 | D:1      | Reached XP level 2. HP: 18/27 MP: 1/1
   659 | D:2      | Reached XP level 3. HP: 33/33 MP: 2/2
   714 | D:2      | Noticed Robin
   721 | D:2      | Killed Robin
   722 | D:2      | Reached skill level 5 in Armour
   984 | D:3      | Reached XP level 4. HP: 10/40 MP: 3/3
   992 | D:3      | Killed from afar by an orc priest

Skill      XL: |  1  2  3 |
---------------+----------+-----
Armour         | 4 5 |  5.3
Axes           | 3 |  3.4
Fighting       | |  3.9
Dodging        | |  0.2
Shields        | |  3.9

Action                   |  1- 3 |  4- 6 || total
-------------------------+-------+-------++-------
Melee: War axe           |    29 |       ||    29
       Headbutt          |    15 |       ||    15
       Hand axe          |    41 |       ||    41
  Use: Scroll            |     2 |       ||     2
       Potion            |     2 |       ||     2
Armor: Scale mail        |    20 |       ||    20
Dodge: Dodged            |    28 |       ||    28
Block: Shield            |    34 |       ||    34
